Lightning vs Canadiens

Created - November 20, 2025 at 19:20

Goals
1 2 3 T
Lightning 1 0 0 1
Canadiens 1 2 1 4
Shots
1 2 3 T
Lightning 14 8 5 27
Canadiens 10 13 12 35

1st period

1. Lightning , Brandon Hagel 1 (Max Friberg 1, Dmitry Sinitsyn 5) at 17:41
2. Canadiens , Patrick Kane 3 (Alexander Kerfoot 4) at 18:19

Penalties :
Matthew Tkachuk (Mtl) for Hooking (Minor) at 9:04, Jean-Sebastien Dea (T.B) for Roughing (Minor) at 13:15

2nd period

3. Canadiens , Artemi Panarin 2 (Mitch Marner 4, Alexandre Carrier 4) at 1:30
4. Canadiens , Jordan Staal 2 (Quinn Hughes 5, Michael Frolik 2) at 17:17

Penalties :
Jean-Sebastien Dea (T.B) for Tripping (Minor) at 5:19

3rd period

5. Canadiens , Tomas Nosek 3 (Jakob Chychrun 5, Anze Kopitar 3) at 0:40

Penalties :
Alexander Kerfoot (Mtl) for Hooking (Minor) at 2:28, Nicolas Hague (Mtl) for Cross-checking (Minor) at 10:58, Jakob Chychrun (Mtl) for Cross-checking (Minor) at 15:53

Goalie Stats

Alex Nedeljkovic (T.B), 31 saves from 35 shots - (0.886), L, 2-5-0, 60:00 minutes
Ivan Fedotov (Mtl), 26 saves from 27 shots - (0.963), W, 3-1-0, 60:00 minutes

Players Stats for Lightning

Player Name              G  A  P  +/- PIM S  H  SB GA TA FO     MP     PP MP  PK MP  
------------------------------------------------------------------------------------
Alex DeBrincat           0  0  0  -1  0   5  0  0  3  0  2/2    18:07   3:11   0:00 
Anthony Cirelli          0  0  0  -1  0   5  0  0  0  0  0/0    19:43   3:11   1:36 
Ben Hutton               0  0  0  -1  0   1  0  1  0  0  0/0    12:52   0:00   0:00 
Brandon Hagel            1  0  1   1  0   1  0  0  0  0  0/0    12:59   0:10   0:00 
Connor Bunnaman          0  0  0   1  0   2  0  1  0  1  3/8    12:47   0:00   0:00 
Dmitry Sinitsyn          0  1  1   1  0   2  0  3  0  1  0/0    27:50   4:51   1:48 
Jean-Sebastien Dea       0  0  0  -1  4   1  1  0  0  0  11/18  18:09   3:11   0:00 
Jeff Schultz             0  0  0   1  0   0  1  0  1  1  0/0    27:50   4:51   1:48 
Jesper Fast              0  0  0   0  0   0  2  0  0  0  0/0     5:02   0:06   0:00 
Jonathan Drouin          0  0  0  -3  0   2  1  0  1  0  1/2    20:51   4:35   0:54 
Kyle Connor              0  0  0   0  0   1  0  0  0  0  0/0     4:55   0:00   0:00 
Lawson Crouse            0  0  0  -3  0   2  1  0  1  1  2/4    25:20   4:29   2:22 
Max Friberg              0  1  1   1  0   1  0  0  0  0  1/1    13:29   0:00   0:42 
Maxime Comtois           0  0  0   0  0   0  0  0  0  0  0/0     2:15   0:20   0:00 
Mirco Mueller            0  0  0  -3  0   0  0  1  0  1  0/0    19:18   3:05   2:10 
Miro Heiskanen           0  0  0  -3  0   1  1  0  0  0  0/0    19:18   3:05   2:10 
Ryan Lindgren            0  0  0  -1  0   1  0  0  0  0  0/0    12:52   0:00   0:00 
Sean Monahan             0  0  0  -3  0   2  1  0  0  2  17/30  22:23   4:35   2:22 

Players Stats for Canadiens

Player Name              G  A  P  +/- PIM S  H  SB GA TA FO     MP     PP MP  PK MP  
------------------------------------------------------------------------------------
Alexander Kerfoot        0  1  1   1  2   2  1  0  1  0  9/16   16:37   2:06   0:00 
Alexandre Carrier        0  1  1   1  0   2  0  3  1  1  0/0    18:18   0:00   3:26 
Anze Kopitar             0  1  1   1  0   2  2  0  0  0  7/17   14:51   0:00   4:51 
Artemi Panarin           1  0  1   0  0   3  0  0  0  0  0/0    17:51   2:25   1:04 
Brady Tkachuk            0  0  0   1  0   2  2  0  0  0  0/0    11:51   1:52   0:00 
Darnell Nurse            0  0  0   1  0   2  1  0  1  0  0/0    24:50   0:00   4:30 
Jakob Chychrun           0  1  1   1  2   1  1  2  0  1  0/0    15:24   1:33   0:58 
Jordan Staal             1  0  1   1  0   4  1  1  0  0  4/9    11:59   0:00   2:01 
Matthew Tkachuk          0  0  0   1  2   1  1  1  0  1  2/4    16:40   2:06   0:57 
Michael Frolik           0  1  1   1  0   1  1  0  0  1  0/0    14:11   0:00   4:51 
Michael Matheson         0  0  0   1  0   0  0  1  0  0  0/0    17:15   0:00   3:26 
Mitch Marner             0  1  1   0  0   2  2  0  0  0  0/2    18:06   2:06   0:00 
Nick Suzuki              0  0  0   0  0   1  3  0  1  0  6/14   16:37   1:52   0:07 
Nicolas Hague            0  0  0   1  2   1  0  2  1  0  0/0    18:03   0:00   3:21 
Patrick Kane             1  0  1   1  0   2  2  0  2  0  0/1    16:02   1:33   0:00 
Patrik Laine             0  0  0   1  0   1  0  1  0  0  0/1    11:02   1:52   0:00 
Quinn Hughes             0  1  1   1  0   3  2  2  0  1  0/0    21:37   2:25   0:11 
Tomas Nosek              1  0  1   1  0   5  0  0  0  1  0/1    10:46   0:00   2:01 

3 Stars

1 - Ivan Fedotov (Mtl)
2 - Patrick Kane (Mtl)
3 - Jordan Staal (Mtl)

Power Play

Lightning - 0 on 4 Attempt(s) - 0.00%
Canadiens - 0 on 2 Attempt(s) - 0.00%

Penalty Kill

Lightning - 2 on 2 Attempt(s) - 100.00% - Score 0 goal in Penalty Kill
Canadiens - 4 on 4 Attempt(s) - 100.00% - Score 0 goal in Penalty Kill

Team Stat

Lightning - Hits : 8 - Faceoff Wins : 37 - Blocked Shots : 6 - Penalty Minutes : 4
Canadiens - Hits : 19 - Faceoff Wins : 28 - Blocked Shots : 13 - Penalty Minutes : 8

Official

Referees : Garrett Rank and Marc Joannette
Linesman : Andrew Smith and David Brisebois

Game Notes

No Game Note

Finance

Level 1 -- Attendance: 5650 (94.17%) -- Ticket Income $565,000
Level 2 -- Attendance: 4336 (86.72%) -- Ticket Income $303,520
Level 3 -- Attendance: 2000 (100.00%) -- Ticket Income $80,000
Level 4 -- Attendance: 3465 (86.63%) -- Ticket Income $103,950
Luxury Box -- Attendance: 952 (95.20%) -- Ticket Income $190,400
Game was played at the Centre Bell.
Total Attendance: 16403 (91.13%)
Total Ticket Income: $1,242,870
Other Income: $186,430
Total Income: $1,429,300

Lightning

5 vs 5 Forward 
   Center                   Left Wing                Right Wing               Time % Phy DF OF 
 1 Sean Monahan             Jonathan Drouin          Lawson Crouse            40     1   2  2  
 2 Jean-Sebastien Dea       Anthony Cirelli          Alex DeBrincat           30     1   2  2  
 3 Connor Bunnaman          Brandon Hagel            Max Friberg              20     1   2  2  
 4 Lawson Crouse            Kyle Connor              Jesper Fast              10     1   2  2  

5 vs 5 Defense 
   Defense                  Defense                                           Time % Phy DF OF 
 1 Jeff Schultz             Dmitry Sinitsyn                                   40     1   2  2  
 2 Mirco Mueller            Miro Heiskanen                                    30     1   2  2  
 3 Ben Hutton               Ryan Lindgren                                     20     1   2  2  
 4 Jeff Schultz             Dmitry Sinitsyn                                   10     1   2  2  

PowerPlay Forward 
   Center                   Left Wing                Right Wing               Time % Phy DF OF 
 1 Sean Monahan             Jonathan Drouin          Lawson Crouse            60     1   2  2  
 2 Jean-Sebastien Dea       Anthony Cirelli          Alex DeBrincat           40     1   2  2  

PowerPlay Defense
   Defense                  Defense                                           Time % Phy DF OF 
 1 Jeff Schultz             Dmitry Sinitsyn                                   60     1   2  2  
 2 Mirco Mueller            Miro Heiskanen                                    40     1   2  2  

Penalty Kill 4 Players Forward 
   Center                   Wing                     Time % Phy DF OF 
 1 Lawson Crouse            Sean Monahan             60     1   2  2  
 2 Jonathan Drouin          Anthony Cirelli          40     1   2  2  

Penalty Kill 4 Players Defense
   Defense                  Defense                  Time % Phy DF OF 
 1 Jeff Schultz             Dmitry Sinitsyn          60     1   2  2  
 2 Mirco Mueller            Miro Heiskanen           40     1   2  2  

Penalty Kill - 3 Players Forward 
   Forward                                           Time % Phy DF OF 
 1 Lawson Crouse                                     60     1   2  2  
 2 Sean Monahan                                      40     1   2  2  

Penalty Kill - 3 Players Defense
   Defense                  Defense                  Time % Phy DF OF 
 1 Jeff Schultz             Dmitry Sinitsyn          60     1   2  2  
 2 Mirco Mueller            Miro Heiskanen           40     1   2  2  

4 vs 4 Forward 
   Center                   Wing                     Time % Phy DF OF 
 1 Lawson Crouse            Sean Monahan             60     1   2  2  
 2 Jonathan Drouin          Anthony Cirelli          40     1   2  2  

4 vs 4 Defense
   Defense                  Defense                  Time % Phy DF OF 
 1 Jeff Schultz             Dmitry Sinitsyn          60     1   2  2  
 2 Mirco Mueller            Miro Heiskanen           40     1   2  2  

Last Minutes Offensive
   Center                   Left Wing                Right Wing               Defense                  Defense                  
   Sean Monahan             Jonathan Drouin          Lawson Crouse            Jeff Schultz             Dmitry Sinitsyn          

Last Minutes Defensive
   Center                   Left Wing                Right Wing               Defense                  Defense                  
   Sean Monahan             Jonathan Drouin          Lawson Crouse            Jeff Schultz             Dmitry Sinitsyn          

Goaltenders
Starting : Alex Nedeljkovic         
Backup : Anton Forsberg           

Extra Forwards
Normal : Maxime Comtois, Brandon Hagel, Max Friberg - PP : Maxime Comtois, Brandon Hagel - PK : Max Friberg
Extra Defensemen
Normal : Ben Hutton, Ryan Lindgren, Mirco Mueller - PP : Ben Hutton - PK : Ryan Lindgren, Mirco Mueller
Penalty Shots
Lawson Crouse, Sean Monahan, Jonathan Drouin, Anthony Cirelli, Alex DeBrincat
Custom OT Lines Forwards
Lawson Crouse, Sean Monahan, Jonathan Drouin, Anthony Cirelli, Alex DeBrincat, Brandon Hagel, Max Friberg, Kyle Connor, Maxime Comtois, Jesper Fast
Custom OT Lines Defensemen
Jeff Schultz, Dmitry Sinitsyn, Mirco Mueller, Miro Heiskanen, Ben Hutton

Scratches
Joel Eriksson Ek (Healthy), Pyotr Kochetkov (Healthy)

Canadiens

5 vs 5 Forward 
   Center                   Left Wing                Right Wing               Time % Phy DF OF 
 1 Alexander Kerfoot        Matthew Tkachuk          Patrick Kane             30     1   2  2  
 2 Nick Suzuki              Artemi Panarin           Mitch Marner             30     1   2  2  
 3 Jordan Staal             Brady Tkachuk            Michael Frolik           20     1   2  2  
 4 Anze Kopitar             Tomas Nosek              Patrik Laine             20     1   2  2  

5 vs 5 Defense 
   Defense                  Defense                                           Time % Phy DF OF 
 1 Darnell Nurse            Quinn Hughes                                      40     1   2  2  
 2 Michael Matheson         Jakob Chychrun                                    30     1   2  2  
 3 Nicolas Hague            Alexandre Carrier                                 30     1   2  2  
 4 Darnell Nurse            Alexandre Carrier                                 0      1   2  2  

PowerPlay Forward 
   Center                   Left Wing                Right Wing               Time % Phy DF OF 
 1 Alexander Kerfoot        Matthew Tkachuk          Mitch Marner             60     0   2  3  
 2 Nick Suzuki              Brady Tkachuk            Patrik Laine             40     0   2  3  

PowerPlay Defense
   Defense                  Defense                                           Time % Phy DF OF 
 1 Artemi Panarin           Quinn Hughes                                      60     1   2  2  
 2 Jakob Chychrun           Patrick Kane                                      40     1   2  2  

Penalty Kill 4 Players Forward 
   Center                   Wing                     Time % Phy DF OF 
 1 Anze Kopitar             Michael Frolik           60     1   2  2  
 2 Jordan Staal             Tomas Nosek              40     1   2  2  

Penalty Kill 4 Players Defense
   Defense                  Defense                  Time % Phy DF OF 
 1 Darnell Nurse            Nicolas Hague            60     1   2  2  
 2 Michael Matheson         Alexandre Carrier        40     1   2  2  

Penalty Kill - 3 Players Forward 
   Forward                                           Time % Phy DF OF 
 1 Anze Kopitar                                      60     1   2  2  
 2 Tomas Nosek                                       40     1   2  2  

Penalty Kill - 3 Players Defense
   Defense                  Defense                  Time % Phy DF OF 
 1 Darnell Nurse            Nicolas Hague            60     1   2  2  
 2 Michael Matheson         Alexandre Carrier        40     1   2  2  

4 vs 4 Forward 
   Center                   Wing                     Time % Phy DF OF 
 1 Alexander Kerfoot        Artemi Panarin           60     1   2  2  
 2 Mitch Marner             Patrick Kane             40     1   2  2  

4 vs 4 Defense
   Defense                  Defense                  Time % Phy DF OF 
 1 Darnell Nurse            Quinn Hughes             60     1   2  2  
 2 Michael Matheson         Jakob Chychrun           40     1   2  2  

Last Minutes Offensive
   Center                   Left Wing                Right Wing               Defense                  Defense                  
   Alexander Kerfoot        Artemi Panarin           Patrick Kane             Quinn Hughes             Jakob Chychrun           

Last Minutes Defensive
   Center                   Left Wing                Right Wing               Defense                  Defense                  
   Anze Kopitar             Tomas Nosek              Patrick Kane             Darnell Nurse            Nicolas Hague            

Goaltenders
Starting : Ivan Fedotov             
Backup : Carey Price              

Extra Forwards
Normal : Patrick Kane, Mitch Marner, Patrik Laine - PP : Jordan Staal, Michael Frolik - PK : Matthew Tkachuk
Extra Defensemen
Normal : Darnell Nurse, Quinn Hughes, Jakob Chychrun - PP : Darnell Nurse - PK : Jakob Chychrun, Quinn Hughes
Penalty Shots
Patrick Kane, Artemi Panarin, Michael Frolik, Nick Suzuki, Patrik Laine
Custom OT Lines Forwards
Patrick Kane, Artemi Panarin, Alexander Kerfoot, Mitch Marner, Jordan Staal, Matthew Tkachuk, Michael Frolik, Nick Suzuki, Brady Tkachuk, Patrik Laine
Custom OT Lines Defensemen
Darnell Nurse, Quinn Hughes, Jakob Chychrun, Michael Matheson, Nicolas Hague

Scratches
Brent Burns (Healthy)

% Time on Ice - Lightning

Lines # - Real PCT - Wanted PCT - Time Play
Normal Forward
1 - 32% - 40% - 15:28
2 - 31% - 30% - 14:56
3 - 27% - 20% - 12:47
4 - 10% - 10% - 4:55
Normal Defense
1 - 40% - 40% - 19:13
2 - 29% - 30% - 14:03
3 - 27% - 20% - 12:52
4 - 4% - 10% - 1:58
PP Forward
1 - 60% - 60% - 4:45
2 - 40% - 40% - 3:11
PP Defense
1 - 61% - 60% - 4:51
2 - 39% - 40% - 3:05
PK Forward
1 - 77% - 60% - 3:04
2 - 23% - 40% - 0:54
PK Defense
1 - 45% - 60% - 1:48
2 - 55% - 40% - 2:10
PK3 Forward
1 - 0% - 60%
2 - 0% - 40%
PK3 Defense
1 - 0% - 60%
2 - 0% - 40%
44 Forward
1 - 0% - 60%
2 - 0% - 40%
44 Defense
1 - 0% - 60%
2 - 0% - 40%
Last Minute Offensive  - 0:00
Last Minute Defensive  - 0:00
Total
Forward - 60:00
Defense - 60:00

% Time on Ice - Canadiens

Lines # - Real PCT - Wanted PCT - Time Play
Normal Forward
1 - 31% - 30% - 15:08
2 - 30% - 30% - 14:15
3 - 21% - 20% - 9:58
4 - 18% - 20% - 8:45
Normal Defense
1 - 42% - 40% - 20:20
2 - 30% - 30% - 14:33
3 - 27% - 30% - 13:13
4 - 0% - 0% - 0:00
PP Forward
1 - 53% - 60% - 2:06
2 - 47% - 40% - 1:52
PP Defense
1 - 61% - 60% - 2:25
2 - 39% - 40% - 1:33
PK Forward
1 - 75% - 60% - 5:55
2 - 25% - 40% - 2:01
PK Defense
1 - 57% - 60% - 4:30
2 - 43% - 40% - 3:26
PK3 Forward
1 - 0% - 60%
2 - 0% - 40%
PK3 Defense
1 - 0% - 60%
2 - 0% - 40%
44 Forward
1 - 0% - 60%
2 - 0% - 40%
44 Defense
1 - 0% - 60%
2 - 0% - 40%
Last Minute Offensive  - 0:00
Last Minute Defensive  - 0:00
Total
Forward - 60:00
Defense - 60:00

Play-by-Play

1st period


0:01 of 1st period - Alexander Kerfoot wins face-off versus Sean Monahan in neutral zone.
0:04 of 1st period - Slapshot by Matthew Tkachuk.
0:04 of 1st period - Shot Misses the Net.
0:06 of 1st period - Slapshot by Quinn Hughes.
0:06 of 1st period - Shot Blocked by Dmitry Sinitsyn.
0:08 of 1st period - Snap shot by Patrick Kane.
0:08 of 1st period - Stopped by Alex Nedeljkovic without a rebound.
0:09 of 1st period - Alexander Kerfoot wins face-off versus Sean Monahan in Lightning zone.
0:10 of 1st period - Slapshot by Patrick Kane.
0:10 of 1st period - Shot Misses the Net.
0:34 of 1st period - Snap shot by Alexander Kerfoot.
0:34 of 1st period - Stopped by Alex Nedeljkovic with a rebound.
0:36 of 1st period - Backhand shot by Matthew Tkachuk.
0:36 of 1st period - Stopped by Alex Nedeljkovic with a rebound.
0:38 of 1st period - Slapshot by Darnell Nurse.
0:38 of 1st period - Deflect By Lawson Crouse.
0:38 of 1st period - Stopped by Alex Nedeljkovic with a rebound.
0:40 of 1st period - Slapshot by Quinn Hughes.
0:40 of 1st period - Deflect By Sean Monahan.
0:40 of 1st period - Stopped by Alex Nedeljkovic with a rebound.
1:01 of 1st period - Off-side.
1:02 of 1st period - Nick Suzuki wins face-off versus Jean-Sebastien Dea in neutral zone.
1:54 of 1st period - Slapshot by Miro Heiskanen.
1:54 of 1st period - Stopped by Ivan Fedotov with a rebound.
2:39 of 1st period - Slapshot by Ben Hutton.
2:39 of 1st period - Stopped by Ivan Fedotov without a rebound.
2:40 of 1st period - Lawson Crouse wins face-off versus Matthew Tkachuk in Canadiens zone.
3:32 of 1st period - Off-side.
3:33 of 1st period - Sean Monahan wins face-off versus Anze Kopitar in neutral zone.
3:36 of 1st period - Slapshot by Miro Heiskanen.
3:36 of 1st period - Shot Blocked by Alexandre Carrier.
3:40 of 1st period - Snap shot by Jonathan Drouin.
3:40 of 1st period - Stopped by Ivan Fedotov with a rebound.
3:42 of 1st period - Wrist shot by Lawson Crouse.
3:42 of 1st period - Shot Misses the Net.
4:03 of 1st period - Jakob Chychrun is hit by Miro Heiskanen and loses puck.
4:24 of 1st period - Snap shot by Brandon Hagel.
4:24 of 1st period - Shot Misses the Net.
4:26 of 1st period - Wrist shot by Max Friberg.
4:26 of 1st period - Deflect By Connor Bunnaman.
4:26 of 1st period - Stopped by Ivan Fedotov with a rebound.
4:28 of 1st period - Wrist shot by Max Friberg.
4:28 of 1st period - Shot Misses the Net.
5:12 of 1st period - Slapshot by Artemi Panarin.
5:12 of 1st period - Shot Misses the Net.
5:14 of 1st period - Backhand shot by Artemi Panarin.
5:14 of 1st period - Stopped by Alex Nedeljkovic without a rebound.
5:15 of 1st period - Alex DeBrincat wins face-off versus Jordan Staal in Lightning zone.
5:30 of 1st period - Icing by Alex DeBrincat.
5:31 of 1st period - Jean-Sebastien Dea wins face-off versus Nick Suzuki in Lightning zone.
5:42 of 1st period - Wrist shot by Alex DeBrincat.
5:42 of 1st period - Shot Misses the Net.
5:44 of 1st period - Slapshot by Jean-Sebastien Dea.
5:44 of 1st period - Shot Misses the Net.
5:46 of 1st period - Wrist shot by Anthony Cirelli.
5:46 of 1st period - Stopped by Ivan Fedotov with a rebound.
5:48 of 1st period - Snap shot by Alex DeBrincat.
5:48 of 1st period - Shot Misses the Net.
6:29 of 1st period - Wrist shot by Anthony Cirelli.
6:29 of 1st period - Stopped by Ivan Fedotov without a rebound.
6:30 of 1st period - Sean Monahan wins face-off versus Anze Kopitar in Canadiens zone.
6:43 of 1st period - Wrist shot by Jonathan Drouin.
6:43 of 1st period - Stopped by Ivan Fedotov with a rebound.
7:14 of 1st period - Icing by Jeff Schultz.
7:15 of 1st period - Jordan Staal wins face-off versus Connor Bunnaman in Lightning zone.
7:29 of 1st period - Off-side.
7:30 of 1st period - Sean Monahan wins face-off versus Alexander Kerfoot in neutral zone.
7:32 of 1st period - Off-side.
7:33 of 1st period - Alexander Kerfoot wins face-off versus Sean Monahan in neutral zone.
8:02 of 1st period - Wrist shot by Brandon Hagel.
8:02 of 1st period - Shot Misses the Net.
8:04 of 1st period - Slapshot by Max Friberg.
8:04 of 1st period - Shot Misses the Net.
8:06 of 1st period - Snap shot by Ryan Lindgren.
8:06 of 1st period - Shot Blocked by Patrik Laine.
8:08 of 1st period - Snap shot by Max Friberg.
8:08 of 1st period - Shot Misses the Net.
8:10 of 1st period - Snap shot by Ryan Lindgren.
8:10 of 1st period - Stopped by Ivan Fedotov without a rebound.
8:11 of 1st period - Sean Monahan wins face-off versus Jordan Staal in Canadiens zone.
8:22 of 1st period - Snap shot by Jonathan Drouin.
8:22 of 1st period - Shot Blocked by Nicolas Hague.
8:24 of 1st period - Slapshot by Lawson Crouse.
8:24 of 1st period - Deflect By Michael Frolik.
8:24 of 1st period - Shot Blocked by Alexandre Carrier.
8:24 of 1st period - Puck is out of play.
8:25 of 1st period - Nick Suzuki wins face-off versus Sean Monahan in Canadiens zone.
8:52 of 1st period - Alexandre Carrier is hit by Jean-Sebastien Dea and loses puck.
9:04 of 1st period - Minor Penalty to Matthew Tkachuk for Hooking.
9:05 of 1st period - Anze Kopitar wins face-off versus Sean Monahan in Canadiens zone.
9:18 of 1st period - Slapshot by Sean Monahan.
9:18 of 1st period - Shot Misses the Net.
9:20 of 1st period - Slapshot by Dmitry Sinitsyn.
9:20 of 1st period - Stopped by Ivan Fedotov without a rebound.
9:21 of 1st period - Sean Monahan wins face-off versus Anze Kopitar in Canadiens zone.
9:22 of 1st period - Snap shot by Jonathan Drouin.
9:22 of 1st period - Shot Misses the Net.
9:24 of 1st period - Slapshot by Dmitry Sinitsyn.
9:24 of 1st period - Deflect By Sean Monahan.
9:24 of 1st period - Stopped by Ivan Fedotov without a rebound.
9:25 of 1st period - Anze Kopitar wins face-off versus Sean Monahan in Canadiens zone.
11:04 of 1st period - Penalty to Matthew Tkachuk is over, Matthew Tkachuk is back on ice.
11:21 of 1st period - Snap shot by Matthew Tkachuk.
11:21 of 1st period - Shot Misses the Net.
12:14 of 1st period - Ben Hutton is hit by Quinn Hughes and loses puck.
13:15 of 1st period - Minor Penalty to Jean-Sebastien Dea for Roughing.
13:16 of 1st period - Sean Monahan wins face-off versus Mitch Marner in Lightning zone.
13:27 of 1st period - Snap shot by Lawson Crouse.
13:27 of 1st period - Stopped by Ivan Fedotov with a rebound.
13:29 of 1st period - Snap shot by Sean Monahan.
13:29 of 1st period - Shot Misses the Net.
13:43 of 1st period - Lawson Crouse is hit by Brady Tkachuk and loses puck.
14:03 of 1st period - Off-side.
14:04 of 1st period - Alexander Kerfoot wins face-off versus Jonathan Drouin in neutral zone.
15:15 of 1st period - Penalty to Jean-Sebastien Dea is over, Jean-Sebastien Dea is back on ice.
17:19 of 1st period - Slapshot by Alex DeBrincat.
17:19 of 1st period - Stopped by Ivan Fedotov without a rebound.
17:20 of 1st period - Jean-Sebastien Dea wins face-off versus Jordan Staal in Canadiens zone.
17:41 of 1st period - Snap shot by Max Friberg.
17:41 of 1st period - Deflect By Brandon Hagel.
17:41 of 1st period - Goal by Brandon Hagel - Lightning : 1 - Canadiens : 0.
17:42 of 1st period - Lawson Crouse wins face-off versus Nick Suzuki in neutral zone.
17:55 of 1st period - Snap shot by Sean Monahan.
17:55 of 1st period - Stopped by Ivan Fedotov with a rebound.
18:19 of 1st period - Wrist shot by Patrick Kane.
18:19 of 1st period - Goal by Patrick Kane - Lightning : 1 - Canadiens : 1.
18:20 of 1st period - Matthew Tkachuk wins face-off versus Sean Monahan in neutral zone.
18:23 of 1st period - Slapshot by Quinn Hughes.
18:23 of 1st period - Stopped by Alex Nedeljkovic with a rebound.
18:47 of 1st period - Jeff Schultz is hit by Darnell Nurse and loses puck.
19:00 of 1st period - Slapshot by Anze Kopitar.
19:00 of 1st period - Shot Misses the Net.
19:31 of 1st period - Wrist shot by Jean-Sebastien Dea.
19:31 of 1st period - Shot Misses the Net.
19:37 of 1st period - Wrist shot by Jordan Staal.
19:37 of 1st period - Stopped by Alex Nedeljkovic with a rebound.
19:59 of 1st period - Slapshot by Jordan Staal.
19:59 of 1st period - Stopped by Alex Nedeljkovic with a rebound.
Goals for this period are 1 for Lightning vs 1 for Canadiens.
Shots for this period are 14 for Lightning vs 10 for Canadiens.

2nd period


0:01 of 2nd period - Nick Suzuki wins face-off versus Sean Monahan in neutral zone.
0:40 of 2nd period - Off-side.
0:41 of 2nd period - Anze Kopitar wins face-off versus Jean-Sebastien Dea in neutral zone.
0:46 of 2nd period - Snap shot by Tomas Nosek.
0:46 of 2nd period - Stopped by Alex Nedeljkovic without a rebound.
0:47 of 2nd period - Anze Kopitar wins face-off versus Jean-Sebastien Dea in Lightning zone.
1:18 of 2nd period - Icing by Alexandre Carrier.
1:19 of 2nd period - Nick Suzuki wins face-off versus Sean Monahan in Canadiens zone.
1:30 of 2nd period - Snap shot by Artemi Panarin.
1:30 of 2nd period - Goal by Artemi Panarin - Lightning : 1 - Canadiens : 2.
1:31 of 2nd period - Alexander Kerfoot wins face-off versus Sean Monahan in neutral zone.
2:08 of 2nd period - Slapshot by Brandon Hagel.
2:08 of 2nd period - Shot Misses the Net.
2:40 of 2nd period - Brady Tkachuk is hit by Sean Monahan and loses puck.
3:31 of 2nd period - Snap shot by Connor Bunnaman.
3:31 of 2nd period - Stopped by Ivan Fedotov without a rebound.
3:32 of 2nd period - Jean-Sebastien Dea wins face-off versus Alexander Kerfoot in Canadiens zone.
3:33 of 2nd period - Backhand shot by Anthony Cirelli.
3:33 of 2nd period - Stopped by Ivan Fedotov without a rebound.
3:34 of 2nd period - Alex DeBrincat wins face-off versus Alexander Kerfoot in Canadiens zone.
3:39 of 2nd period - Wrist shot by Alex DeBrincat.
3:39 of 2nd period - Shot Blocked by Matthew Tkachuk.
3:41 of 2nd period - Slapshot by Dmitry Sinitsyn.
3:41 of 2nd period - Deflect By Alex DeBrincat.
3:41 of 2nd period - Shot Blocked by Jakob Chychrun.
3:41 of 2nd period - Puck is out of play.
3:42 of 2nd period - Jean-Sebastien Dea wins face-off versus Alexander Kerfoot in Canadiens zone.
3:49 of 2nd period - Snap shot by Alex DeBrincat.
3:49 of 2nd period - Stopped by Ivan Fedotov without a rebound.
3:50 of 2nd period - Sean Monahan wins face-off versus Anze Kopitar in Canadiens zone.
4:07 of 2nd period - Slapshot by Tomas Nosek.
4:07 of 2nd period - Deflect By Anze Kopitar.
4:07 of 2nd period - Shot Misses the Net.
4:07 of 2nd period - Puck is out of play.
4:08 of 2nd period - Nick Suzuki wins face-off versus Connor Bunnaman in Lightning zone.
4:25 of 2nd period - Miro Heiskanen is hit by Mitch Marner.
4:43 of 2nd period - Wrist shot by Alexander Kerfoot.
4:43 of 2nd period - Stopped by Alex Nedeljkovic without a rebound.
4:44 of 2nd period - Sean Monahan wins face-off versus Patrick Kane in Lightning zone.
5:11 of 2nd period - Anthony Cirelli is hit by Jakob Chychrun and loses puck.
5:19 of 2nd period - Minor Penalty to Jean-Sebastien Dea for Tripping.
5:20 of 2nd period - Alexander Kerfoot wins face-off versus Lawson Crouse in Lightning zone.
6:17 of 2nd period - Mirco Mueller is hit by Patrick Kane and loses puck.
6:31 of 2nd period - Icing by Patrick Kane.
6:32 of 2nd period - Max Friberg wins face-off versus Nick Suzuki in Canadiens zone.
6:55 of 2nd period - Lawson Crouse is hit by Matthew Tkachuk and loses puck.
7:19 of 2nd period - Penalty to Jean-Sebastien Dea is over, Jean-Sebastien Dea is back on ice.
7:54 of 2nd period - Snap shot by Kyle Connor.
7:54 of 2nd period - Stopped by Ivan Fedotov without a rebound.
7:55 of 2nd period - Jordan Staal wins face-off versus Lawson Crouse in Canadiens zone.
7:55 of 2nd period - Jordan Staal is hit by Jesper Fast.
8:19 of 2nd period - Anthony Cirelli is hit by Nick Suzuki and loses puck.
8:44 of 2nd period - Snap shot by Patrick Kane.
8:44 of 2nd period - Shot Hit the Post.
9:01 of 2nd period - Slapshot by Dmitry Sinitsyn.
9:01 of 2nd period - Shot Misses the Net.
9:03 of 2nd period - Slapshot by Jeff Schultz.
9:03 of 2nd period - Shot Misses the Net.
10:13 of 2nd period - Patrick Kane is hit by Lawson Crouse and loses puck.
10:53 of 2nd period - Maxime Comtois is hit by Brady Tkachuk and loses puck.
10:58 of 2nd period - Snap shot by Jordan Staal.
10:58 of 2nd period - Shot Misses the Net.
11:00 of 2nd period - Slapshot by Alexandre Carrier.
11:00 of 2nd period - Stopped by Alex Nedeljkovic without a rebound.
11:01 of 2nd period - Connor Bunnaman wins face-off versus Alexander Kerfoot in Lightning zone.
11:12 of 2nd period - Slapshot by Max Friberg.
11:12 of 2nd period - Stopped by Ivan Fedotov without a rebound.
11:13 of 2nd period - Sean Monahan wins face-off versus Nick Suzuki in Canadiens zone.
11:40 of 2nd period - Snap shot by Tomas Nosek.
11:40 of 2nd period - Shot Blocked by Dmitry Sinitsyn.
12:12 of 2nd period - Snap shot by Michael Frolik.
12:12 of 2nd period - Deflect By Brady Tkachuk.
12:12 of 2nd period - Shot Misses the Net.
12:12 of 2nd period - Puck is out of play.
12:13 of 2nd period - Alexander Kerfoot wins face-off versus Jean-Sebastien Dea in Lightning zone.
12:17 of 2nd period - Icing by Mirco Mueller.
12:18 of 2nd period - Alexander Kerfoot wins face-off versus Jean-Sebastien Dea in Lightning zone.
12:54 of 2nd period - Snap shot by Alex DeBrincat.
12:54 of 2nd period - Shot Misses the Net.
13:18 of 2nd period - Slapshot by Alex DeBrincat.
13:18 of 2nd period - Stopped by Ivan Fedotov with a rebound.
13:20 of 2nd period - Wrist shot by Anthony Cirelli.
13:20 of 2nd period - Shot Blocked by Quinn Hughes.
13:22 of 2nd period - Wrist shot by Anthony Cirelli.
13:22 of 2nd period - Deflect By Darnell Nurse.
13:22 of 2nd period - Stopped by Ivan Fedotov without a rebound.
13:23 of 2nd period - Sean Monahan wins face-off versus Nick Suzuki in Canadiens zone.
13:38 of 2nd period - Slapshot by Jakob Chychrun.
13:38 of 2nd period - Stopped by Alex Nedeljkovic with a rebound.
13:40 of 2nd period - Snap shot by Mitch Marner.
13:40 of 2nd period - Stopped by Alex Nedeljkovic without a rebound.
13:41 of 2nd period - Connor Bunnaman wins face-off versus Jordan Staal in Lightning zone.
14:44 of 2nd period - Slapshot by Jakob Chychrun.
14:44 of 2nd period - Deflect By Brady Tkachuk.
14:44 of 2nd period - Shot Blocked by Mirco Mueller.
14:44 of 2nd period - Puck is out of play.
14:45 of 2nd period - Jordan Staal wins face-off versus Jean-Sebastien Dea in Lightning zone.
14:51 of 2nd period - Slapshot by Quinn Hughes.
14:51 of 2nd period - Stopped by Alex Nedeljkovic with a rebound.
14:53 of 2nd period - Slapshot by Darnell Nurse.
14:53 of 2nd period - Shot Misses the Net.
15:01 of 2nd period - Snap shot by Brady Tkachuk.
15:01 of 2nd period - Stopped by Alex Nedeljkovic without a rebound.
15:02 of 2nd period - Sean Monahan wins face-off versus Nick Suzuki in Lightning zone.
15:02 of 2nd period - Sean Monahan is hit by Nick Suzuki.
15:35 of 2nd period - Slapshot by Alexander Kerfoot.
15:35 of 2nd period - Deflect By Patrick Kane.
15:35 of 2nd period - Shot Misses the Net.
15:35 of 2nd period - Puck is out of play.
15:36 of 2nd period - Anze Kopitar wins face-off versus Connor Bunnaman in Lightning zone.
15:43 of 2nd period - Snap shot by Alexandre Carrier.
15:43 of 2nd period - Deflect By Patrik Laine.
15:43 of 2nd period - Stopped by Alex Nedeljkovic with a rebound.
15:45 of 2nd period - Wrist shot by Alexandre Carrier.
15:45 of 2nd period - Stopped by Alex Nedeljkovic with a rebound.
17:15 of 2nd period - Wrist shot by Jordan Staal.
17:15 of 2nd period - Stopped by Alex Nedeljkovic with a rebound.
17:17 of 2nd period - Snap shot by Jordan Staal.
17:17 of 2nd period - Goal by Jordan Staal - Lightning : 1 - Canadiens : 3.
17:18 of 2nd period - Jean-Sebastien Dea wins face-off versus Alexander Kerfoot in neutral zone.
17:50 of 2nd period - Slapshot by Dmitry Sinitsyn.
17:50 of 2nd period - Stopped by Ivan Fedotov with a rebound.
19:26 of 2nd period - Slapshot by Alexandre Carrier.
19:26 of 2nd period - Shot Blocked by Dmitry Sinitsyn.
19:32 of 2nd period - Wrist shot by Tomas Nosek.
19:32 of 2nd period - Stopped by Alex Nedeljkovic without a rebound.
19:33 of 2nd period - Connor Bunnaman wins face-off versus Alexander Kerfoot in Lightning zone.
19:52 of 2nd period - Max Friberg is hit by Alexander Kerfoot.
Goals for this period are 0 for Lightning vs 2 for Canadiens.
Shots for this period are 8 for Lightning vs 13 for Canadiens.

3rd period


0:01 of 3rd period - Sean Monahan wins face-off versus Mitch Marner in neutral zone.
0:34 of 3rd period - Off-side.
0:35 of 3rd period - Anze Kopitar wins face-off versus Sean Monahan in neutral zone.
0:40 of 3rd period - Snap shot by Tomas Nosek.
0:40 of 3rd period - Goal by Tomas Nosek - Lightning : 1 - Canadiens : 4.
0:41 of 3rd period - Nick Suzuki wins face-off versus Sean Monahan in neutral zone.
0:52 of 3rd period - Wrist shot by Mitch Marner.
0:52 of 3rd period - Stopped by Alex Nedeljkovic without a rebound.
0:53 of 3rd period - Matthew Tkachuk wins face-off versus Sean Monahan in Lightning zone.
1:06 of 3rd period - Slapshot by Quinn Hughes.
1:06 of 3rd period - Shot Misses the Net.
1:08 of 3rd period - Wrist shot by Patrick Kane.
1:08 of 3rd period - Shot Misses the Net.
1:10 of 3rd period - Snap shot by Quinn Hughes.
1:10 of 3rd period - Deflect By Patrick Kane.
1:10 of 3rd period - Shot Misses the Net.
1:10 of 3rd period - Puck is out of play.
1:11 of 3rd period - Jean-Sebastien Dea wins face-off versus Nick Suzuki in Lightning zone.
2:28 of 3rd period - Minor Penalty to Alexander Kerfoot for Hooking.
2:29 of 3rd period - Sean Monahan wins face-off versus Anze Kopitar in Canadiens zone.
3:07 of 3rd period - Backhand shot by Jeff Schultz.
3:07 of 3rd period - Shot Blocked by Nicolas Hague.
3:27 of 3rd period - Wrist shot by Anthony Cirelli.
3:27 of 3rd period - Shot Blocked by Jordan Staal.
3:34 of 3rd period - Icing by Jean-Sebastien Dea.
3:35 of 3rd period - Jean-Sebastien Dea wins face-off versus Matthew Tkachuk in Lightning zone.
3:42 of 3rd period - Slapshot by Alex DeBrincat.
3:42 of 3rd period - Stopped by Ivan Fedotov without a rebound.
3:43 of 3rd period - Sean Monahan wins face-off versus Anze Kopitar in Canadiens zone.
4:22 of 3rd period - Lawson Crouse is hit by Michael Frolik and loses puck.
4:28 of 3rd period - Penalty to Alexander Kerfoot is over, Alexander Kerfoot is back on ice.
5:03 of 3rd period - Wrist shot by Michael Frolik.
5:03 of 3rd period - Shot Misses the Net.
5:05 of 3rd period - Slapshot by Darnell Nurse.
5:05 of 3rd period - Stopped by Alex Nedeljkovic with a rebound.
5:15 of 3rd period - Wrist shot by Alexander Kerfoot.
5:15 of 3rd period - Shot Misses the Net.
5:17 of 3rd period - Slapshot by Nicolas Hague.
5:17 of 3rd period - Stopped by Alex Nedeljkovic with a rebound.
5:19 of 3rd period - Slapshot by Darnell Nurse.
5:19 of 3rd period - Shot Blocked by Connor Bunnaman.
5:31 of 3rd period - Wrist shot by Anze Kopitar.
5:31 of 3rd period - Shot Blocked by Ben Hutton.
5:53 of 3rd period - Wrist shot by Alexander Kerfoot.
5:53 of 3rd period - Deflect By Michael Frolik.
5:53 of 3rd period - Stopped by Alex Nedeljkovic without a rebound.
5:54 of 3rd period - Jonathan Drouin wins face-off versus Nick Suzuki in Lightning zone.
5:54 of 3rd period - Jonathan Drouin is hit by Nick Suzuki.
6:23 of 3rd period - Slapshot by Jean-Sebastien Dea.
6:23 of 3rd period - Stopped by Ivan Fedotov without a rebound.
6:24 of 3rd period - Jean-Sebastien Dea wins face-off versus Patrik Laine in Canadiens zone.
6:33 of 3rd period - Wrist shot by Patrick Kane.
6:33 of 3rd period - Shot Misses the Net.
6:59 of 3rd period - Snap shot by Lawson Crouse.
6:59 of 3rd period - Stopped by Ivan Fedotov with a rebound.
7:01 of 3rd period - Snap shot by Lawson Crouse.
7:01 of 3rd period - Shot Blocked by Michael Matheson.
7:19 of 3rd period - Jeff Schultz is hit by Jordan Staal and loses puck.
7:58 of 3rd period - Off-side.
7:59 of 3rd period - Jordan Staal wins face-off versus Connor Bunnaman in neutral zone.
8:08 of 3rd period - Snap shot by Brady Tkachuk.
8:08 of 3rd period - Stopped by Alex Nedeljkovic with a rebound.
8:28 of 3rd period - Slapshot by Lawson Crouse.
8:28 of 3rd period - Shot Blocked by Jakob Chychrun.
8:34 of 3rd period - Lawson Crouse is hit by Mitch Marner and loses puck.
9:15 of 3rd period - Sean Monahan is hit by Quinn Hughes and loses puck.
9:49 of 3rd period - Icing by Jonathan Drouin.
9:50 of 3rd period - Sean Monahan wins face-off versus Tomas Nosek in Lightning zone.
9:59 of 3rd period - Snap shot by Tomas Nosek.
9:59 of 3rd period - Stopped by Alex Nedeljkovic without a rebound.
10:00 of 3rd period - Anze Kopitar wins face-off versus Jean-Sebastien Dea in Lightning zone.
10:01 of 3rd period - Backhand shot by Tomas Nosek.
10:01 of 3rd period - Stopped by Alex Nedeljkovic without a rebound.
10:02 of 3rd period - Jean-Sebastien Dea wins face-off versus Anze Kopitar in Lightning zone.
10:58 of 3rd period - Minor Penalty to Nicolas Hague for Cross-checking.
10:59 of 3rd period - Jean-Sebastien Dea wins face-off versus Anze Kopitar in Canadiens zone.
11:00 of 3rd period - Snap shot by Anthony Cirelli.
11:00 of 3rd period - Stopped by Ivan Fedotov with a rebound.
11:08 of 3rd period - Snap shot by Alex DeBrincat.
11:08 of 3rd period - Stopped by Ivan Fedotov with a rebound.
12:58 of 3rd period - Penalty to Nicolas Hague is over, Nicolas Hague is back on ice.
13:13 of 3rd period - Snap shot by Nick Suzuki.
13:13 of 3rd period - Stopped by Alex Nedeljkovic with a rebound.
13:15 of 3rd period - Snap shot by Artemi Panarin.
13:15 of 3rd period - Stopped by Alex Nedeljkovic without a rebound.
13:16 of 3rd period - Alexander Kerfoot wins face-off versus Connor Bunnaman in Lightning zone.
13:31 of 3rd period - Connor Bunnaman is hit by Patrick Kane and loses puck.
13:42 of 3rd period - Darnell Nurse is hit by Jesper Fast and loses puck.
13:49 of 3rd period - Snap shot by Lawson Crouse.
13:49 of 3rd period - Shot Blocked by Quinn Hughes.
14:49 of 3rd period - Wrist shot by Anze Kopitar.
14:49 of 3rd period - Stopped by Alex Nedeljkovic with a rebound.
14:51 of 3rd period - Slapshot by Anze Kopitar.
14:51 of 3rd period - Stopped by Alex Nedeljkovic without a rebound.
14:52 of 3rd period - Sean Monahan wins face-off versus Anze Kopitar in Lightning zone.
14:52 of 3rd period - Sean Monahan is hit by Anze Kopitar.
15:53 of 3rd period - Minor Penalty to Jakob Chychrun for Cross-checking.
15:54 of 3rd period - Sean Monahan wins face-off versus Anze Kopitar in Canadiens zone.
16:04 of 3rd period - Michael Frolik is hit by Jonathan Drouin and loses puck.
16:27 of 3rd period - Wrist shot by Anthony Cirelli.
16:27 of 3rd period - Shot Blocked by Alexandre Carrier.
16:29 of 3rd period - Snap shot by Anthony Cirelli.
16:29 of 3rd period - Shot Misses the Net.
16:31 of 3rd period - Snap shot by Jean-Sebastien Dea.
16:31 of 3rd period - Shot Misses the Net.
16:45 of 3rd period - Darnell Nurse is hit by Jeff Schultz and loses puck.
17:53 of 3rd period - Penalty to Jakob Chychrun is over, Jakob Chychrun is back on ice.
18:25 of 3rd period - Kyle Connor is hit by Anze Kopitar.
19:06 of 3rd period - Icing by Jean-Sebastien Dea.
19:07 of 3rd period - Jean-Sebastien Dea wins face-off versus Jordan Staal in Lightning zone.
Goals for this period are 0 for Lightning vs 1 for Canadiens.
Shots for this period are 5 for Lightning vs 12 for Canadiens.